 Dungeon Crawl Stone Soup version 0.24-a0-70-gf44d0c5 (webtiles) character file.

Game seed: 12508708389528526392

90 galech the Skirmisher (level 4, -9/35 HPs)
             Began as a Demonspawn Fighter on Feb 6, 2019.
             Was an Initiate of Okawaru.
             Killed by divine providence
             ... invoked by an orc priest
              (14 damage)
             ... on level 3 of the Dungeon.
             The game lasted 00:03:01 (1130 turns).

galech the Skirmisher (Demonspawn Fighter)          Turns: 1130, Time: 00:03:01

Health: -9/35      AC:  8    Str: 16    XL:     4   Next: 32%
Magic:  4/4        EV:  7    Int: 10    God:    Okawaru [......]
Gold:   84         SH:  9    Dex: 13    Spells: 3/3 levels left

rFire    . . .     SeeInvis .   k - -3 hand axe (curse)
rCold    . . .     Gourm    .   c - +0 shield
rNeg     . . .     Faith    .   b - +0 scale mail
rPois    .         Spirit   .   (no helmet)
rElec    .         Reflect  .   (no cloak)
rCorr    .         Harm     .   l - +0 pair of gloves
MR       .....                  (no boots)
Stlth    ..........             (no amulet)
HPRegen  0.11/turn              (no ring)
MPRegen  0.09/turn              (no ring)

@: no status effects
A: powered by death 3
a: Renounce Religion


You were on level 3 of the Dungeon.
You worshipped Okawaru.
Okawaru was noncommittal.
You were not hungry.

You visited 1 branch of the dungeon, and saw 3 of its levels.

You collected 84 gold pieces.

Inventory:

Hand Weapons
 a - a +0 war axe
 k - a cursed -3 hand axe (weapon)
Armour
 b - a +0 scale mail (worn)
 c - a +0 shield (worn)
 l - a +0 pair of gloves (worn)
 p - a +0 leather armour of positive energy
Jewellery
 m - an uncursed ring of flight {unknown}
Scrolls
 e - a scroll of fog
 i - 3 scrolls of identify
 s - a scroll of magic mapping
Potions
 d - a potion of might
 h - 2 potions of heal wounds
 j - a potion of haste {unknown}
 n - a potion of mutation {unknown}
 r - a potion of curing {unknown}
Comestibles
 f - 4 rations
 g - 8 chunks of flesh


   Skills:
 + Level 3.4 Fighting
 + Level 2.8 Axes
 + Level 3.2 Armour
 + Level 0.4 Dodging
 + Level 3.2 Shields


You had 3 spell levels left.
You didn't know any spells.
Your spell library contained the following spells:

 Spells                   Type           Power        Failure   Level  Hunger
 Magic Dart               Conj           #...         99%         1    ##.....
 Blink                    Tloc           N/A          100%        2    ###....
 Call Imp                 Summ           #.......     100%        2    ###....
 Slow                     Hex            #.......     100%        2    ###....
 Conjure Flame            Conj/Fire      #.......     100%        3    ####...
 Mephitic Cloud           Conj/Pois/Air  #.......     100%        3    ####...


Dungeon Overview and Level Annotations

Branches:
Dungeon (3/15)

Altars:
Makhleb
Okawaru
Qazlal
Uskayaw
Wu Jian
Xom


Innate Abilities, Weirdness & Mutations

You regenerate a lot of health from kills.


Message History

There is an open door here.
You see here a marble ring.
m - a marble ring You block the hobgoblin's attack.
The orc priest shouts!
You see here 6 gold pieces.
You block the hobgoblin's attack.
The orc priest invokes the aid of Beogh against you.
Beogh smites you!
You open the door.
The hobgoblin hits you but does no damage.
You block the orc warrior's attack. The kobold closely misses you.
There is an open door here.
A bat comes into view.
The orc warrior hits you with a +0 war axe!
* * * LOW HITPOINT WARNING * * *
Found a silvery potion.
The orc priest calls down the wrath of Beogh upon you.
Beogh smites you!
You die...

*,,,***,*,* **,** *,
#.,,>,*,*,* *,* #.
#..**,*,*,* *,* #.
#..##,*,*,* ##+## ####.
*,...,,,,,* ##...###....
**,!..,,***##.....##.##.
**##b#** ##.......#.##.
##...####........รท.###
#....@.oKg$.o......[..
##...####........(####
##.#* ##.......## # #.*
##.....## # #,** ##...##
# *,,* ##'## # **,* #.#
*,* #.# *,* ##o##


You could see an orc warrior, an orc priest, a hobgoblin, a bat and a kobold.

Vanquished Creatures
  An orc wizard (D:3)
  2 adders (D:2)
  2 worms (D:2)
  A dart slug (D:2)
  A ball python (D:2)
  4 bats
  2 giant cockroaches
  7 goblins
  2 hobgoblins
  3 jackals (D:2)
  4 frilled lizards
  5 kobolds (D:2)
  5 rats
39 creatures vanquished.

Notes
Turn   | Place    | Note
-------+----------+-------------------------------------------
     0 | D:1      | galech the Demonspawn Fighter began the quest for the Orb.
     0 | D:1      | Reached XP level 1. HP: 18/18 MP: 1/1
   171 | D:1      | Gained mutation: You regenerate a little health from kills.
                  | [demonic ancestry]
   171 | D:1      | Reached XP level 2. HP: 23/24 MP: 2/2
   547 | D:2      | Found a stormy altar of Qazlal.
   646 | D:2      | Found an ornate altar of the Wu Jian Council.
   654 | D:2      | Gained mutation: You regenerate health from kills. [demonic
                  | ancestry]
   654 | D:2      | Reached XP level 3. HP: 23/29 MP: 3/3
   800 | D:2      | You fall through a shaft!
   800 | D:3      | Noticed an orc warrior
   802 | D:3      | HP: 1/29 [orc wizard/+0 dagger (2)]
   813 | D:3      | Found a burning altar of Makhleb.
   815 | D:3      | Found a hide-covered altar of Uskayaw.
   815 | D:3      | Found a shimmering altar of Xom.
   815 | D:3      | Found an iron altar of Okawaru.
   824 | D:3      | Became a worshipper of Warmaster Okawaru
   854 | D:3      | Gained mutation: You regenerate a lot of health from kills.
                  | [demonic ancestry]
   854 | D:3      | Reached XP level 4. HP: 22/35 MP: 4/4
  1130 | D:3      | Killed from afar by an orc priest

Vault maps used:
D:1:      dpeg_arrival_rooms_b, layout_rooms
D:2:      layout_loops_ring, nicolae_overflow_crystal_walls, lemuel_round_altar
D:3:      layout_loops_corners, grunt_temple_overflow_open,
          kennysheep_jessica_study

Skill      XL: |  1  2  3 |
---------------+----------+-----
Axes           | 2 |  2.8
Armour         | 3 |  3.2
Shields        | 3 |  3.2
Fighting       | |  3.4
Dodging        | |  0.4

Action                   |  1- 3 |  4- 6 || total
-------------------------+-------+-------++-------
Melee: War axe           |   106 |    20 ||   126
       Hand axe          |       |     1 ||     1
  Use: Scroll            |     6 |       ||     6
       Potion            |     2 |       ||     2
  Eat: Chunk             |       |     1 ||     1
Armor: Scale mail        |    72 |     9 ||    81
Dodge: Dodged            |    31 |    10 ||    41
Block: Shield            |    66 |    11 ||    77

Table legend:
 A = Non-vault XP
 B = Vault XP
 C = Vault XP percentage of total XP
 D = Non-vault monster count
 E = Vault monster count
 F = Vault count percentage of total count
                 A         B        C        D         E       F
            +---------+---------+-------+---------+---------+-------
      Total |     129 |       0 |   0.0 |      39 |       0 |   0.0
            +---------+---------+-------+---------+---------+-------
        D:1 |      16 |       0 |   0.0 |      10 |       0 |   0.0
        D:2 |      70 |       0 |   0.0 |      26 |       0 |   0.0
        D:3 |      43 |       0 |   0.0 |       3 |       0 |   0.0
            +---------+---------+-------+---------+---------+-------
